 Dungeon Crawl Stone Soup version 0.29.0-11-gd7f09526c8 (webtiles) character file.

Game seed: 9856889125631859431

5036 Gabide the Covert (level 10, -4/94 HPs)
             Began as a Naga Monk on Sept 2, 2022.
             Was a Believer of Dithmenos.
             Slain by a very large slime creature (35 damage)
             ... on level 9 of the Dungeon.
             The game lasted 00:24:02 (10568 turns).

Gabide the Covert (Naga Monk)                      Turns: 10568, Time: 00:24:03

Health: -4/94      AC: 24    Str: 18    XL:     10   Next: 55%
Magic:  10/10      EV: 10    Int: 16    God:    Dithmenos [**....]
Gold:   126        SH:  5    Dex: 18    Spells: 9/9 levels left

rFire   . . .      SeeInvis +   a - +2 short sword (protect)
rCold   . . .      Faith    .   A - +0 buckler
rNeg    . . .      Spirit   .   z - +4 ring mail "Qeodib" {Str+4 Int+6}
rPois   +          Reflect  .   t - +0 helmet
rElec   .          Harm     .   (no cloak)
rCorr   .          Rampage  .   J - +0 pair of gloves
Will    +....                   y - +0 barding
Stlth   +++++.....              (no amulet)
HPRegen 0.25/turn               q - ring of flight
MPRegen 0.12/turn               (no ring)

@: under a protective aura, flying, wreathed by umbra, very slow
A: AC +3, large, see invisible, deformed body, poison resistance, slowness 2,
spit poison 1, naga tail 1
a: Spit Poison, Renounce Religion, Shadow Step


You were on level 9 of the Dungeon.
You worshipped Dithmenos.
Dithmenos was pleased with you.
You visited 2 branches of the dungeon, and saw 10 of its levels.

You collected 411 gold pieces.
You spent 285 gold pieces at shops.

Inventory:

Hand Weapons
 a - a +2 short sword of protection (weapon)
 b - a +0 sling
 H - a +2 scimitar of electrocution
Missiles
 e - 2 atropa-tipped darts
 x - a boomerang of dispersal
Armour
 t - a +0 helmet (worn)
 y - a +0 barding (worn)
 z - the +4 ring mail "Qeodib" (worn) {Str+4 Int+6}
   (You bought it in a shop on level 2 of the Dungeon)

   Str:       It affects your strength (+4).
   Int:       It affects your intelligence (+6).
 A - a +0 buckler (worn)
 J - a +0 pair of gloves (worn)
Jewellery
 q - a ring of flight (left hand)
Wands
 g - a wand of polymorph (16)
 k - a wand of mindburst (6)
Scrolls
 h - 3 scrolls of blinking
 j - a scroll of fog {unknown}
 m - 2 scrolls of amnesia {unknown}
 p - a scroll of noise {unknown}
 r - a scroll of immolation {unknown}
 w - 2 scrolls of teleportation
 C - a scroll of enchant armour {unknown}
 D - a scroll of vulnerability
 G - a scroll of torment {unknown}
Potions
 c - 4 potions of ambrosia
 d - 4 potions of flight
 f - a potion of lignification
 i - 3 potions of attraction
 l - a potion of resistance
 s - a potion of haste
 u - a potion of brilliance
 v - a potion of magic {unknown}
 B - 3 potions of curing
 E - 2 potions of mutation


   Skills:
 + Level 7.4 Fighting
 + Level 7.4 Short Blades
 - Level 4.0 Armour
 + Level 6.7 Dodging
 + Level 10.3 Stealth
 - Level 4.0 Shields


You had 9 spell levels left.
You didn't know any spells.
Your spell library contained the following spells:

 Spells                   Type           Power      Damage    Failure   Level
 Dazzling Flash           Conj/Hex       0%         N/A       85%         3
 Ignite Poison            Fire/Tmut/Pois 0%         N/A       85%         3
 Mephitic Cloud           Conj/Pois/Air  0%         N/A       85%         3
 Agony                    Necr           0%         N/A       100%        5
 Freezing Cloud           Conj/Ice/Air   0%         6-21      100%        5
 Silence                  Hex/Air        0%         N/A       100%        5


Dungeon Overview and Level Annotations

Branches:
Dungeon (9/15)             Temple (1/1) D:6             Orc (0/2) D:9
   Lair: D:8-11

Altars:
Ashenzari
Cheibriados
Dithmenos
Elyvilon
Fedhas
Gozag
Hepliaklqana
Kikubaaqudgha
Makhleb
Nemelex Xobeh
Okawaru
Qazlal
Ru
Sif Muna
Trog
Uskayaw
Vehumet
Xom
Yredelemnul
Zin
The Shining One

Shops:
D:2 [   D:6 !


Innate Abilities, Weirdness & Mutations

Your serpentine skin is tough. (AC +3)
You have supernaturally acute eyesight. (SInv)
Armour fits poorly on your strangely shaped body.
Your system is resistant to poisons. (rPois)
You cover ground very slowly.
You can spit poison.
You have a snake-like lower body.


Message History

The slime creature misses you. The slime creature barely misses you.
You hit the slime creature.
The slime creature is lightly wounded.
The slime creature hits you but does no damage. x2
An enormous slime creature splits.
You barely miss the slime creature.
The slime creature is lightly wounded.
The slime creature closely misses you.
The slime creature hits you but does no damage.
Two slime creatures merge to form a very large slime creature.
Throw: 2 boomerangs (disperse)
Press: ? - help, Shift-Dir - straight line, f - very large slime creature
Aim: a very large slime creature (umbra, 84% to hit)
You throw a boomerang of dispersal.
The boomerang of dispersal hits the very large slime creature.
The very large slime creature blinks!
The very large slime creature is lightly wounded.
The slime creature hits you.
The large slime creature barely misses you.
You puncture the slime creature!
The slime creature is moderately wounded.
The slime creature hits you.
A large slime creature splits.
You hit the slime creature.
The slime creature is moderately wounded.
The slime creature closely misses you.
You hit the slime creature.
The slime creature is moderately wounded.
The slime creature barely misses you. The slime creature hits you!
You hit the slime creature.
The slime creature is moderately wounded.
The slime creature hits you. The slime creature barely misses you.
The slime creature hits you but does no damage.
The slime creature attacks as you move away!
The slime creature barely misses you.
Two slime creatures merge to form a large slime creature.
The slime creature closely misses you. The slime creature hits you!
The very large slime creature attacks as you move away!
The very large slime creature hits you!!
You die...

#####....#...#######....>.
####.#<..#..#.........
#.#...#....}.......
########.#...#._...........
.............#.............
#.######.#...#.J#..........
###...##..####.J........
+.#........#.J..........
####.#+#.####.#.@J........
.#.....#..# #.........###.#
+.....##'###..##..........
#.....#...#..........###.#
####.#'#...#+##.>.....# .##
...'.#.......#...#+##†....(#
...#####...###.### ####..#
.....#.+...+.#. #.####.....
...#+#.#####.#+# #.#......#


You could see a very large slime creature, a large slime creature and a slime
creature.

Vanquished Creatures
  A cyclops (D:8)
  Prince Ribbit (D:5)
  2 wyverns
  A shadow (D:9)
  5 yaks (D:7)
  A steam dragon (D:8)
  Edmund (D:5)
  4 water moccasins
  2 orc warriors
  3 black bears
  An ogre (D:6)
  3 centaurs
  A phantom (D:6)
  A kobold brigand (D:6)
  3 bullfrogs
  A gnoll sergeant (D:7)
  4 necrophages
  Blork the orc (D:4)
  A scorpion (D:7)
  5 killer bees
  2 howler monkeys (D:7)
  A jelly (D:5)
  2 hounds (D:5)
  A gnoll bouda (D:5)
  6 orc priests
  4 iguanas
  6 orc wizards
  6 gnolls
  3 adders
  A white imp (D:5)
  2 ufetubi
  2 worms (D:3)
  2 dart slugs (D:1)
  23 orcs
  7 bats
  5 endoplasms
  5 giant cockroaches
  3 goblins
  12 hobgoblins
  3 jackals (D:4)
  4 quokkas
  3 ball pythons
  6 kobolds
  3 rats
154 creatures vanquished.

Vanquished Creatures (others)
  An orc (D:4)
  24 plants (D:9)
25 creatures vanquished.

Grand Total: 179 creatures vanquished

Notes
Turn   | Place    | Note
-------+----------+-------------------------------------------
     0 | D:1      | Gabide the Naga Monk began the quest for the Orb.
     0 | D:1      | Reached XP level 1. HP: 21/21 MP: 1/1
   285 | D:1      | Reached XP level 2. HP: 26/28 MP: 2/2
   370 | D:1      | Reached skill level 4 in Stealth
   609 | D:1      | Reached XP level 3. HP: 34/34 MP: 3/3
  1090 | D:1      | Found a faded altar of an unknown god.
  1313 | D:2      | Identified the +4 quarterstaff "Witu" {freeze, rN+ Dex+4}
  1454 | D:2      | Found Hyriof's Antique Armour Boutique.
  1991 | D:3      | Reached XP level 4. HP: 41/42 MP: 4/4
  2090 | D:3      | Identified the +1 scale mail of Lugonu's Hope {Harm Dex+2}
  2461 | D:3      | Found a shimmering blue altar of Sif Muna.
  2466 | D:3      | Reached skill level 5 in Stealth
  2466 | D:3      | Reached XP level 5. HP: 49/49 MP: 5/5
  2772 | D:4      | Noticed Blork the orc
  2782 | D:4      | Killed Blork the orc
  3028 | D:4      | Reached XP level 6. HP: 21/57 MP: 6/6
  3577 | D:4      | Reached skill level 6 in Stealth
  3754 | D:4      | Found an opulent altar of Gozag.
  3763 | D:4      | Found a basalt altar of Yredelemnul.
  4079 | D:5      | Entered Level 5 of the Dungeon
  4179 | D:5      | Reached XP level 7. HP: 66/66 MP: 7/7
  4589 | D:5      | Reached skill level 5 in Fighting
  4638 | D:5      | Noticed Edmund
  4657 | D:5      | Killed Edmund
  4658 | D:5      | Reached skill level 5 in Short Blades
  4924 | D:5      | Reached skill level 5 in Dodging
  5104 | D:5      | Noticed Prince Ribbit
  5122 | D:5      | Killed Prince Ribbit
  5123 | D:5      | Reached XP level 8. HP: 65/74 MP: 8/8
  5812 | D:6      | Found a staircase to the Ecumenical Temple.
  5855 | Temple   | Entered the Ecumenical Temple
  5879 | Temple   | Became a worshipper of Dithmenos the Shadowed
  5879 | Temple   | Reached * piety under Dithmenos
  5879 | Temple   | Reached ** piety under Dithmenos
  6036 | D:6      | Found Cafirax's Distillery.
  6051 | D:6      | Bought a potion of curing for 45 gold pieces
  6051 | D:6      | Bought a potion of degeneration for 15 gold pieces
  6339 | D:6      | Reached skill level 1 in Shields
  6417 | D:6      | Found an ancient bone altar of Kikubaaqudgha.
  6851 | D:6      | Reached skill level 7 in Stealth
  6887 | D:6      | Reached XP level 9. HP: 62/81 MP: 9/9
  7368 | D:7      | Reached skill level 8 in Stealth
  7667 | D:7      | Found a sparkling altar of Nemelex Xobeh.
  7893 | D:2      | Bought a distressingly furry ring mail for 225 gold pieces
  7893 | D:2      | Identified the +4 ring mail "Qeodib" {Str+4 Int+6} (You
                  | bought it in a shop on level 2 of the Dungeon)
  8489 | D:8      | Reached XP level 10. HP: 72/92 MP: 10/10
  8644 | D:7      | Reached skill level 9 in Stealth
  8920 | D:8      | Noticed a cyclops
  8929 | D:8      | Killed a cyclops
  9354 | D:8      | Identified the +3 leather armour of Quantum Leap {Harm
                  | Stlth+}
  9691 | D:9      | Reached skill level 10 in Stealth
 10104 | D:9      | Noticed an eight-headed hydra
 10532 | D:9      | Found a staircase to the Orcish Mines.
 10547 | D:9      | Found a broken altar of Ashenzari.
 10568 | D:9      | Slain by a very large slime creature

Illustrated notes

Levels and vault maps discovered:
D:1:      dpeg_arrival_round_a, layout_loops_cross,
          hellmonk_ecumenical_altar_prayer_group
D:2:      layout_basic, serial_shops, shop, chequers_serial_rivers_room_b
D:3:      layout_rooms, kennysheep_orc_sif_temple, cheibrodos_sewer_entry_bend
D:4:      layout_layer_cave, mainiacjoe_overflow_big_doors,
          chequers_serial_rivers_room_b, amcnicky_mini_pool_small,
          minmay_fountain_box, uniq_blork_the_orc
D:5:      layout_gridville, uniq_edmund, uniq_prince_ribbit1
D:6:      layout_basic, lemuel_round_altar, minmay_temple_entry_tees,
          serial_shops, nicolae_shop_stone
D:7:      layout_basic, lemuel_crystal_altar
D:8:      layout_rooms, kennysheep_small_square
D:9:      nicolae_cairo_tiling_large, layout_basic,
          mainiacjoe_overflow_alcove_1, orc_0_dummy, serial_bayou,
          serial_bayou_shore_b, serial_bayou_lake_a, serial_bayou_crossing
Temple:   eino_wide_crystal_templ

Skill      XL: |  1  2  3  4  5  6  7  8  9 10 |
---------------+-------------------------------+-----
Stealth        | 4 5 6 7 8 10 | 10.3
Dodging        | 3 4 5 6 |  6.7
Fighting       | 4 5 6 7 |  7.4
Short Blades   | 4 5 6 7 |  7.4
Armour         | 2 3 4 |  4.0
Shields        | 2 4 |  4.0

Action                   |  1- 3 |  4- 6 |  7- 9 | 10-12 || total
-------------------------+-------+-------+-------+-------++-------
Melee: Short sword       |    54 |    92 |   395 |   183 ||   724
       Quarterstaff      |     8 |    11 |       |       ||    19
       Punch             |     1 |     3 |     1 |       ||     5
 Fire: Sling             |       |    21 |    16 |       ||    37
Throw: Dart              |       |       |     2 |       ||     2
       Javelin           |       |       |     2 |       ||     2
       Boomerang         |       |       |       |     2 ||     2
 Abil: Spit Poison       |    30 |    30 |    52 |    13 ||   125
  Use: Scroll            |     7 |     1 |     2 |     3 ||    13
       Potion            |       |     2 |     4 |     1 ||     7
 Stab: Sleeping          |     1 |     2 |     4 |     7 ||    14
       Invisible         |       |     3 |     5 |       ||     8
Armor: Robe              |    23 |    41 |    18 |       ||    82
       Leather armour    |       |       |   118 |       ||   118
       Ring mail         |       |       |    82 |   139 ||   221
Dodge: Dodged            |    40 |    74 |   243 |   111 ||   468
Block: Buckler           |       |       |    58 |    63 ||   121
